 Dungeon Crawl Stone Soup version 0.24.0-123-gd5b16e6ec5 (webtiles) character file.

Game seed: 11283966958681249029, levelgen mode: deterministic

78 Elellon the Chopper (level 4, -1/39 HPs)
             Began as a Hill Orc Fighter on Jan 13, 2020.
             Slain by a goblin
             ... wielding a +0 dagger
             ... led by Robin
              (3 damage)
             ... on level 2 of the Dungeon.
             The game lasted 00:01:56 (1149 turns).

Elellon the Chopper (Hill Orc Fighter)              Turns: 1149, Time: 00:01:56

Health: -1/39      AC: 16    Str: 19    XL:     4   Next: 36%
Magic:  4/4        EV:  3    Int:  8    God:
Gold:   39         SH:  9    Dex: 10    Spells: 3/3 levels left

rFire    . . .     SeeInvis .   a - +0 war axe
rCold    . . .     Gourm    .   c - +0 shield
rNeg     . . .     Faith    .   p - +0 plate armour
rPois    .         Spirit   .   o - +1 helmet
rElec    .         Reflect  .   (no cloak)
rCorr    .         Harm     .   (no gloves)
MR       .....                  l - +2 pair of boots
Stlth    ..........             (no amulet)
HPRegen  0.13/turn              (no ring)
MPRegen  0.09/turn              (no ring)

@: lethally poisoned (-1 -> -1)
A: no striking features
a: no special abilities


You were on level 2 of the Dungeon.
You were not hungry.

You visited 1 branch of the dungeon, and saw 2 of its levels.

You collected 39 gold pieces.

Inventory:

Hand Weapons
 a - a +0 war axe (weapon)
Armour
 c - a +0 shield (worn)
 l - a +2 pair of boots (worn)
 o - a +1 helmet (worn)
 p - a +0 plate armour (worn)
Scrolls
 h - a scroll of teleportation {unknown}
 k - a scroll of fear {unknown}
 m - 2 scrolls of identify {unknown}
 n - a scroll of fog {unknown}
Potions
 d - a potion of might
 e - 2 potions of curing {unknown}
 i - a potion of heal wounds {unknown}
 j - 2 potions of flight {unknown}
Comestibles
 f - 4 rations
 g - 15 chunks of flesh


   Skills:
 - Level 3.6 Fighting
 + Level 6.0 Axes
 - Level 3.2 Armour
 - Level 3.2 Shields


You had 3 spell levels left.
You didn't know any spells.
Your spell library was empty.

Dungeon Overview and Level Annotations

Branches:
Dungeon (2/15)

Altars:
Kikubaaqudgha

Annotations:
D:2 Robin, Sigmund


Message History

You block Robin's attack. The goblin hits you but does no damage.
You hear some strange, mumbled words.
Something tries to affect you, but you resist.
You hit the goblin.
You kill the goblin!
You miss something. You closely miss the goblin. You miss the adder.
You block the adder's attack. The goblin hits you.
* * * LOW HITPOINT WARNING * * *
Robin hits you but does no damage. You block the adder's attack.
Something hits you but does no damage.
You slash the adder!
You kill the adder!
You slash the goblin!
You kill the goblin!
Your Axes skill increases to level 6!
You miss something.
You feel sick.
Robin roars a battlecry!
The goblin goes into a battle-frenzy!
The goblin hits you with a +0 dagger.
You die...

#.# # #.# #.
#########.###...
................. #
#.#.##÷###.####.+..
#.#.##÷###.####..
#....†÷........
#.#.#.##.###.##..#
#..)...)g@†....#
#.#.#.##)#.##..#
...#)).bg$..#
#.#...)..#.#...
...#.#..[...#.##..
.##........#...# .
.#g##.#.#.#.# ....
......#.. ## ##.#.


You could see Robin, a goblin and a bat.

Vanquished Creatures
  2 adders (D:2)
  A worm (D:2)
  3 dart slugs
  2 leopard geckos
  A ball python (D:1)
  2 giant cockroaches (D:1)
  5 hobgoblins (D:2)
  2 jackals (D:2)
  A quokka (D:2)
  3 bats (D:2)
  6 frilled lizards
  13 goblins
  3 kobolds (D:1)
  4 rats
48 creatures vanquished.

Notes
Turn   | Place    | Note
-------+----------+-------------------------------------------
     0 | D:1      | Elellon the Hill Orc Fighter began the quest for the Orb.
     0 | D:1      | Reached XP level 1. HP: 19/19 MP: 1/1
    30 | D:1      | Reached skill level 3 in Axes
   232 | D:1      | Reached XP level 2. HP: 26/26 MP: 2/2
   255 | D:1      | Reached skill level 4 in Axes
   833 | D:2      | Reached XP level 3. HP: 27/31 MP: 3/3
   852 | D:2      | Found an ancient bone altar of Kikubaaqudgha.
  1108 | D:2      | Reached skill level 5 in Axes
  1124 | D:2      | Noticed Robin
  1128 | D:2      | Reached XP level 4. HP: 39/39 MP: 4/4
  1136 | D:2      | Noticed Sigmund
  1149 | D:2      | Reached skill level 6 in Axes
  1149 | D:2      | Slain by a goblin

Levels and vault maps discovered:
D:1:      ncdulo_smallfort, layout_basic, serial_forest,
          infiniplex_forest_straight_2, infiniplex_forest_clump_medium,
          infiniplex_forest_lined_3_way, infiniplex_forest_lined_ring,
          serial_bayou_ford_a, hangedman_abyss_or_decor_lesser_grid,
          minmay_stone_trees_medium, minmay_tromino_v4_a
D:2:      layout_basic, kiku_gazebo_garden_becter, minmay_diced_spiral,
          uniq_robin, uniq_sigmund

Skill      XL: |  1  2  3  4 |
---------------+-------------+-----
Axes           | 3 4 5 6 |  6.0
Fighting       | |  3.6
Armour         | |  3.2
Shields        | |  3.2

Action                   |  1- 3 |  4- 6 || total
-------------------------+-------+-------++-------
Melee: War axe           |   130 |    15 ||   145
  Eat: Chunk             |     1 |       ||     1
Armor: Scale mail        |    18 |       ||    18
       Plate armour      |    61 |    33 ||    94
Dodge: Dodged            |    32 |     5 ||    37
Block: Shield            |    59 |    19 ||    78
